 Dungeon Crawl Stone Soup version 0.31-a0-221-gbddc013574 (webtiles) character file.

Game seed: 12359640920905348504

104 qw the Shooter (level 4, -5/26 HPs)
             Began as a Gargoyle Hexslinger on July 4, 2023.
             Killed from afar by Natasha (7 damage)
             ... with a puff of flame
             ... on level 2 of the Dungeon.
             The game lasted 00:00:42 (1507 turns).

qw the Shooter (Gargoyle Hexslinger)                Turns: 1507, Time: 00:00:42

Health: -5/26      AC:  6    Str: 11    XL:     4   Next: 80%
Magic:  5/5        EV: 11    Int: 14    God:
Gold:   68         SH:  0    Dex: 14    Spells: 4/5 levels left

rFire   . . .        Y - +1 sling
rCold   . . .        (no shield)
rNeg    + . .        f - +0 leather armour
rPois   inf          (no helmet)
rElec   +            (no cloak)
rCorr   .            (no gloves)
SInv    .            (no boots)
Will    .....        (no amulet)
Stlth   +            (no ring)
HPRegen 0.24/turn    (no ring)
MPRegen 0.09/turn

%: no passive effects
@: no status effects
A: sickness immunity, AC +3, negative energy resistance 1, electricity
resistance, torment resistance 1, petrification resistance
a: no special abilities


You were on level 2 of the Dungeon.
You visited 1 branch of the dungeon, and saw 2 of its levels.

You collected 68 gold pieces.


Innate Abilities, Weirdness & Mutations

You are immune to sickness and miasma.
Your stone body is resilient. (AC +3)
You are immune to poison.
You resist negative energy. (rN+)
You are resistant to electric shocks. (rElec)
You are resistant to unholy torment.
You are immune to petrification.


   Skills:
 - Level 2.0 Fighting
 + Level 4.5 Ranged Weapons
 - Level 1.5 Dodging
 - Level 1.0 Spellcasting
 - Level 2.6 Hexes


You had 4 spell levels left.
You knew the following spells:

 Your Spells              Type           Power      Damage    Failure   Level
a - Slow                  Hex            32%        N/A       12%         1

Your spell library contained the following spells:

 Spells                   Type           Power      Damage    Failure   Level
 Inner Flame              Hex/Fire       4%         N/A       52%         3
 Portal Projectile        Hex/Tloc       8%         N/A       52%         3
 Cause Fear               Hex            4%         N/A       75%         4

Inventory:

Hand Weapons
 Y - a +1 sling (weapon)
Armour
 c - a +1 hat
 f - a +0 leather armour (worn)
Jewellery
 b - a ring of magical power
Scrolls
 a - 2 scrolls of identify
Potions
 d - a potion of heal wounds {unknown}
 g - a potion of curing {unknown}

Dungeon Overview and Level Annotations

Branches:
Dungeon (2/15)

Altars:

Annotations:
D:2 Natasha


Message History

The magic dart hits you.
You shoot a sling bullet.
The sling bullet closely misses Natasha.
Natasha stares at you and mumbles some strange words.
You resist with some effort.
You shoot a sling bullet. The sling bullet hits Natasha.
Natasha is severely wounded.
You shoot a sling bullet.
The sling bullet hits Natasha but does no damage.
Natasha is severely wounded.
Natasha mewls in sadness.
Natasha zaps a wand.
The puff of flame hits you.
You shoot a sling bullet. The sling bullet hits Natasha.
Natasha is severely wounded.
Natasha mumbles some strange words.
You shoot a sling bullet. The sling bullet barely misses Natasha.
Natasha zaps a wand.
The puff of flame hits you. The cerulean imp misses you.
You shoot a sling bullet. The sling bullet hits Natasha.
Natasha is severely wounded.
Natasha casts a spell.
The cerulean imp hits you but does no damage.
You shoot a sling bullet. The sling bullet hits Natasha.
Natasha is almost dead.
Natasha claws you but does no damage. The cerulean imp closely misses you.
The cerulean imp hits you but does no damage.
Natasha barely misses you.
You shoot a sling bullet. The sling bullet barely misses Natasha.
The cerulean imp barely misses you. x2; Natasha closely misses you.
The cerulean imp completely misses you.
You shoot a sling bullet.
The sling bullet closely misses Natasha.
The cerulean imp hits you from afar with a +2 spear.
Natasha mumbles some strange words.
The cerulean imp closely misses you.
You shoot a sling bullet.
The sling bullet hits Natasha but does no damage.
Natasha is almost dead.
The cerulean imp barely misses you.
Natasha zaps a wand.
The puff of flame hits you!
You die...

.( #.## ...### ####
##.... ..w. .#..#
#### ..## .5.####
.....##.....#
#..h@..#.#
#5##...#.############
##5.........#.....
##.#.........)...
#.#.............
#...............
###<............
#.............
####.............


You could see Natasha and 3 cerulean imps.

Vanquished Creatures
  Natasha (D:2)
  3 adders
  2 dart slugs (D:2)
  3 endoplasms (D:1)
  A giant cockroach (D:2)
  9 goblins
  3 hobgoblins (D:1)
  2 jackals (D:1)
  3 quokkas
  9 ball pythons
  A bat (D:1)
  3 frilled lizards (D:1)
  3 kobolds (D:1)
  3 rats (D:1)
46 creatures vanquished.

Notes
Turn   | Place    | Note
-------+----------+-------------------------------------------
     0 | D:1      | qw the Gargoyle Hexslinger began the quest for the Orb.
     0 | D:1      | Reached XP level 1. HP: 12/12 MP: 2/2
     0 | D:1      | 0 ||| qw: Version: 0.3-a-40-ge99b1a8
     0 | D:1      | 0 ||| qw: Game counter: 648
     0 | D:1      | 0 ||| qw: Melee chars always use a shield: true
     0 | D:1      | 0 ||| qw: God list: Okawaru
     0 | D:1      | 0 ||| qw: Allow faded altars: false
     0 | D:1      | 0 ||| qw: Do Orc after clearing Dungeon:15 true
     0 | D:1      | 0 ||| qw: Do second Lair branch before Depths: true
     0 | D:1      | 0 ||| qw: Lair rune preference: random
     0 | D:1      | 0 ||| qw: Goals: Normal
     0 | D:1      | 0 ||| PLANNING D:1-11
    10 | D:1      | You fall into a shaft and drop 1 floor!
    11 | D:2      | 11 ||| DROPPING scroll of poison.
    19 | D:2      | 19 ||| STAIRDANCE
   219 | D:1      | Reached XP level 2. HP: 16/16 MP: 3/3
   331 | D:1      | Reached skill level 3 in Ranged Weapons
   508 | D:1      | Reached XP level 3. HP: 21/21 MP: 4/4
  1117 | D:1      | 1117 ||| UPGRADING to +0 leather armour.
  1127 | D:1      | 1127 ||| DROPPING +0 robe.
  1128 | D:1      | 1128 ||| READING 2 scrolls labelled OGIATS ISHUKIC.
  1129 | D:1      | 1129 ||| READING scroll labelled KOGA RUFEA.
  1130 | D:1      | 1130 ||| READING scroll labelled GIWNAUNOTT.
  1131 | D:1      | 1131 ||| READING scroll labelled WECKYNG BUMN.
  1142 | D:2      | 1142 ||| STAIRDANCE
  1212 | D:2      | 1212 ||| STAIRDANCE
  1302 | D:2      | Found a faded altar of an unknown god.
  1348 | D:2      | Reached XP level 4. HP: 26/26 MP: 5/5
  1363 | D:2      | 1363 ||| FLEEEEING.
  1364 | D:2      | 1364 ||| FLEEEEING.
  1365 | D:2      | 1365 ||| FLEEEEING.
  1384 | D:2      | Reached skill level 4 in Ranged Weapons
  1439 | D:2      | Noticed Natasha
  1446 | D:2      | Killed Natasha
  1491 | D:2      | Noticed Natasha
  1502 | D:2      | HP: 2/26 [Natasha/puff of flame (5)]
  1507 | D:2      | Killed from afar by Natasha

Levels and vault maps discovered:
D:1:      sevenhm_arrival_forest_fort_large_4, layout_basic, serial_bayou_pond_a
D:2:      layout_rooms, basic_ecumenical_altar, uniq_robin, uniq_natasha,
          uniq_crazy_yiuf_cottage

Skill      XL: |  1  2  3  4 |
---------------+-------------+-----
Ranged Weapons | 3 4 |  4.5
Fighting       | 2 |  2.0
Dodging        | |  1.5
Spellcasting   | |  1.0
Hexes          | |  2.6

Action                     |  1- 3 |  4- 6 || total
---------------------------+-------+-------++-------
   Fire: Sling             |   147 |    43 ||   190
    Use: Scroll            |     4 |       ||     4
 Armour: Robe              |    20 |       ||    20
         Leather armour    |    22 |     7 ||    29
  Dodge: Dodged            |    63 |    18 ||    81

Table legend:
 A = Non-vault XP
 B = Vault XP
 C = Vault XP percentage of total XP
 D = Non-vault monster count
 E = Vault monster count
 F = Vault count percentage of total count
                 A         B        C        D         E       F
            +---------+---------+-------+---------+---------+-------
      Total |     114 |      35 |  23.5 |      45 |       1 |   2.2
            +---------+---------+-------+---------+---------+-------
        D:1 |      67 |       0 |   0.0 |      33 |       0 |   0.0
        D:2 |      47 |      35 |  42.7 |      12 |       1 |   7.7
            +---------+---------+-------+---------+---------+-------
